 Dungeon Crawl Stone Soup version 0.23-a0-899-gbbae0a3 (webtiles) character file.

Game seed: 8595573573402274305

100 Amnesiac the Ducker (level 4, -11/24 HPs)
             Began as a Spriggan Fighter on Jan 29, 2019.
             Killed by divine providence
             ... invoked by an orc priest
              (16 damage)
             ... on level 4 of the Dungeon.
             The game lasted 00:02:56 (734 turns).

Amnesiac the Ducker (Spriggan Fighter)               Turns: 734, Time: 00:02:56

Health: -11/24     AC:  2    Str: 13    XL:     4   Next: 46%
Magic:  5/5        EV: 20    Int:  9    God:
Gold:   46         SH:  6    Dex: 15    Spells: 3/3 levels left

rFire    . . .     SeeInvis +   b - +1 whip (venom)
rCold    . . .     Gourm    .   c - +0 buckler
rNeg     . . .     Faith    .   i - +0 robe
rPois    .         Spirit   .   (helmet restricted)
rElec    .         Reflect  .   (no cloak)
rCorr    .         Harm     .   (gloves unavailable)
MR       .....                  (boots unavailable)
Stlth    +.........             (no amulet)
HPRegen  0.08/turn              (no ring)
MPRegen  0.09/turn              (no ring)

@: very quick
A: very small, unfitting armour, see invisible, herbivore, speed 3, slow
metabolism 2
a: no special abilities


You were on level 4 of the Dungeon.
You were not hungry.

You visited 1 branch of the dungeon, and saw 4 of its levels.

You collected 46 gold pieces.

Inventory:

Hand Weapons
 a - a +0 long sword
 b - a +1 whip of venom (weapon)
Armour
 c - a +0 buckler (worn)
 i - a +0 robe (worn)
Wands
 k - a wand of paralysis (8)
 l - a wand of clouds (6)
Scrolls
 g - a scroll of enchant weapon {!r, unknown}
 j - a scroll of fear {!r, unknown}
Potions
 d - a potion of might {!q}
 e - a potion of curing {!q, unknown}
 h - a potion of heal wounds {!q, unknown}
Comestibles
 f - 2 rations


   Skills:
 + Level 3.1 Fighting
 - Level 2.1 Long Blades
 + Level 5.5 Dodging
 + Level 2.8 Shields


You had 3 spell levels left.
You didn't know any spells.
Your spell library was empty.

Dungeon Overview and Level Annotations

Branches:
Dungeon (4/15)
 Temple: D:4-7

Altars:
Ru
Trog
Uskayaw
Vehumet

Annotations:
D:3 Robin
D:4 Sigmund


Innate Abilities, Weirdness & Mutations

You are very small and have problems with some larger weapons.
You are too small for most types of armour.
You have supernaturally acute eyesight. (SInv)
You are a herbivore.
You cover ground extremely quickly.
You need to consume almost no food.


Message History

You kill the worker ant!
You have reached level 4!
The orc warrior barely misses you.
The orc wizard gestures wildly while chanting.
The orc wizard seems to speed up.
You miss the orc wizard. The orc wizard closely misses you.
You hit the orc wizard.
The orc wizard is poisoned.
The orc wizard is lightly wounded.
You block the orc wizard's attack.
The orc wizard hits you with a +0 dagger.
You hit the orc wizard.
The orc wizard looks as sick as possible!
The orc wizard is moderately wounded.
The orc wizard barely misses you.
The orc wizard hits you but does no damage.
You hit the orc wizard.
The orc wizard is severely wounded.
The orc wizard looks satisfied for a moment.
You hit the orc wizard.
You kill the orc wizard!
Your Fighting skill increases to level 3!
Things that are here:
a +0 dagger; a +0 robe
l - a wand of clouds (6)
Things that are here:
a +0 leather armour; the goblin corpse of Ijyb 2 orcs come into view.
The orc shouts!
The orc throws a stone.
The stone misses you.
The orc shouts!
The orc throws a stone.
The stone closely misses you.
Things that are here:
a stone; 19 gold pieces Unknown command.
You now have 46 gold pieces (gained 19).
You barely miss the orc.
An orc priest comes into view. It is wielding a +0 dagger.
The orc hits you but does no damage.
The orc priest shouts!
You hit the orc.
The orc is moderately wounded.
The orc hits you with a cursed -3 whip.
You closely miss the orc.
The orc is moderately wounded.
The orc hits you with a +0 hand axe. The orc hits you but does no damage.
You hit the orc priest but do no damage.
The orc priest is poisoned.
The orc priest closely misses you. The orc hits you with a cursed -3 whip.
The orc hits you but does no damage.
You hit the orc priest.
The orc priest looks as sick as possible!
The orc priest is lightly wounded.
The orc priest hits you with a +0 dagger.
* * * LOW HITPOINT WARNING * * *
The orc hits you with a cursed -3 whip.
* * * LOW HITPOINT WARNING * * *
The orc misses you.
The orc priest hits you with a +0 dagger.
* * * LOW HITPOINT WARNING * * *
The orc hits you with a +0 hand axe.
* * * LOW HITPOINT WARNING * * *
The orc priest invokes the aid of Beogh against you.
Beogh smites you!
Ouch! That really hurt!
You die...

#...).# #####.# #.#
########. #[# #........
######.###.###
.............#### ##
######.###.#..#.###.# #
.. ...# #.##..###.o#..#
.# ##### #.##...@.o....#
.# #.###(8..o.#..# .#
#.# #.(#...#....... .#
#.##.##..###..#...#
.#########.#.# ..##
#..#...
.........#.#.###..
#....#
########.#.##.##.##
#....# #
#.#.###8######....#
########.#.............#


You could see an orc priest and 2 orcs.

Vanquished Creatures
  An orc wizard (D:4)
  Ijyb (D:4)
  A worker ant (D:4)
  A worm (D:3)
  2 dart slugs (D:2)
  A leopard gecko (D:3)
  2 orcs (D:3)
  A bat (D:2)
  2 kobolds (D:3)
  A quokka (D:4)
  A frilled lizard (D:4)
  A rat (D:2)
15 creatures vanquished.

Notes
Turn   | Place    | Note
-------+----------+-------------------------------------------
     0 | D:1      | Amnesiac the Spriggan Fighter began the quest for the Orb.
     0 | D:1      | Reached XP level 1. HP: 11/11 MP: 2/2
   246 | D:3      | Reached XP level 2. HP: 16/16 MP: 3/3
   415 | D:3      | Found a sacrificial altar of Ru.
   415 | D:3      | Found a bloodstained altar of Trog.
   416 | D:3      | Found a radiant altar of Vehumet.
   416 | D:3      | Noticed Robin
   468 | D:4      | Noticed Sigmund
   542 | D:4      | Found a hide-covered altar of Uskayaw.
   543 | D:4      | Noticed a +0 hand axe
   543 | D:4      | Noticed a +0 dagger
   619 | D:4      | Noticed Ijyb
   620 | D:4      | Noticed an orc warrior
   639 | D:4      | Killed Ijyb
   639 | D:4      | Reached skill level 5 in Dodging
   639 | D:4      | Reached XP level 3. HP: 16/19 MP: 4/4
   667 | D:4      | Reached XP level 4. HP: 19/23 MP: 5/5
   734 | D:4      | Killed from afar by an orc priest

Vault maps used:
D:1:      dpeg_arrival_rooms_a
D:3:      gammafunk_temple_overflow_claw, first_ration, uniq_robin
D:4:      dancing_weapons_uskayaw, guppyfry_early_orc_mine, uniq_ijyb,
          uniq_sigmund

Skill      XL: |  1  2  3  4 |
---------------+-------------+-----
Long Blades    | 2 |  2.1
Dodging        | 5 |  5.5
Fighting       | 3 |  3.1
Shields        | |  2.8

Action                   |  1- 3 |  4- 6 || total
-------------------------+-------+-------++-------
Melee: Long sword        |    22 |       ||    22
       Whip              |    29 |    10 ||    39
 Stab: Sleeping          |     1 |       ||     1
Armor: Robe              |     1 |       ||     1
Dodge: Dodged            |    51 |     7 ||    58
Block: Buckler           |    12 |     1 ||    13
       Rpst.: Long sword |     8 |       ||     8

Table legend:
 A = Non-vault XP
 B = Vault XP
 C = Vault XP percentage of total XP
 D = Non-vault monster count
 E = Vault monster count
 F = Vault count percentage of total count
                 A         B        C        D         E       F
            +---------+---------+-------+---------+---------+-------
      Total |      64 |      79 |  55.2 |      13 |       2 |  13.3
            +---------+---------+-------+---------+---------+-------
        D:2 |      11 |       0 |   0.0 |       4 |       0 |   0.0
        D:3 |      17 |       0 |   0.0 |       6 |       0 |   0.0
        D:4 |      36 |      79 |  68.7 |       3 |       2 |  40.0
            +---------+---------+-------+---------+---------+-------
